 Dungeon Crawl Stone Soup version 0.25-a0-786-g5b70d41e48 (webtiles) character file.

Game seed: 17937122491535782341, levelgen mode: deterministic

12 Maedhros the Charlatan (level 2, 0/18 HPs)
             Began as an Octopode Artificer on Apr 18, 2020.
             Killed from afar by a dart slug (5 damage)
             ... with a slug dart
             ... on level 1 of the Dungeon.
             The game lasted 00:00:39 (674 turns).

Maedhros the Charlatan (Octopode Artificer)          Turns: 674, Time: 00:00:39

Health: 0/18       AC:  1    Str: 11    XL:     2   Next: 33%
Magic:  4/4        EV: 13    Int: 13    God:
Gold:   27         SH:  0    Dex: 12    Spells: 1/1 levels left

rFire    . . .     SeeInvis .   a - +0 short sword
rCold    . . .     Gourm    .   (no shield)
rNeg     . . .     Faith    .   (helmet restricted)
rPois    .         Spirit   .   (no amulet)
rElec    .         Reflect  .   (no ring)
rCorr    .         Harm     .   (no ring)
MR       .....                  (no ring)
Stlth    +++.......             (no ring)
HPRegen  0.06/turn              (no ring)
MPRegen  0.09/turn              (no ring)
                                (no ring)
                                (no ring)

@: no status effects
A: almost no armour, stealthy swim, amphibious, 8 rings, constrict 8, camouflage
1, gelatinous body 1
a: no special abilities


You were on level 1 of the Dungeon.
You were not hungry.

You visited 1 branch of the dungeon, and saw 1 of its levels.

You collected 27 gold pieces.

Inventory:

Hand Weapons
 a - a +0 short sword (weapon)
Wands
 b - a wand of flame (15)
 c - a wand of enslavement (12)
 d - a wand of random effects (15)
Scrolls
 e - 2 scrolls of identify {unknown}
Potions
 g - a potion of curing {unknown}
Comestibles
 f - a ration


   Skills:
 - Level 1.0 Fighting
 - Level 1.0 Short Blades
 - Level 2.0 Dodging
 + Level 2.0 Stealth
 * Level 1.2 Unarmed Combat
 + Level 3.4 Evocations


You had one spell level left.
You didn't know any spells.
Your spell library was empty.

Dungeon Overview and Level Annotations

Branches:
Dungeon (1/15)

Altars:


Innate Abilities, Weirdness & Mutations

You cannot wear most types of armour.
You are very stealthy in the water. (Stealth+)
You are amphibious.
You can wear up to eight rings at the same time.
You can use your tentacles to constrict eight enemies at once.
Your skin changes colour to match your surroundings (Stealth+).
Your rubbery body absorbs attacks. (AC +1, EV +1)


Message History

There are monsters nearby!
You hit the dart slug but do no damage. You grab the dart slug.
The dart slug is heavily wounded.
You constrict the dart slug. The kobold hits you.
The hobgoblin hits you with a +0 club.
You release your grip on the dart slug.
A frilled lizard comes into view.
The dart slug closely misses you. The hobgoblin hits you with a +0 club.
You see here a giant cockroach corpse.
You are too injured to fight recklessly!
You are too injured to fight recklessly!
You are too injured to fight recklessly!
The kobold throws a stone.
The stone closely misses you.
The frilled lizard hisses.
The hobgoblin barely misses you. The dart slug bites you.
* * * LOW HITPOINT WARNING * * *
The kobold throws a stone.
The stone closely misses you. The dart slug launches a dart at you.
The slug dart hits you.
You die...

.. . #..........
.. #.
#.####..... #.
#.##....#.)...
#.
#...###.#.....
#.#######.#
#(##.... #
#.K(((((..#
#....###
####.#.†w#######
###.....
.......g.......>
#...†.
####l...@#####.
#..... ####..#
###.#. #....
#.#. #..... ..#.
#.(.... ##.#.
#....... #.#.
#.......# #...
#.......# ####


You could see a dart slug, a hobgoblin, a kobold and a frilled lizard.

Vanquished Creatures
  A leopard gecko (D:1)
  A giant cockroach (D:1)
  A hobgoblin (D:1)
  2 jackals (D:1)
  A bat (D:1)
  2 frilled lizards (D:1)
  2 kobolds (D:1)
  A rat (D:1)
11 creatures vanquished.

Vanquished Creatures (others)
  A giant cockroach (D:1)
  A jackal (D:1)
2 creatures vanquished.

Grand Total: 13 creatures vanquished

Notes
Turn   | Place    | Note
-------+----------+-------------------------------------------
     0 | D:1      | Maedhros the Octopode Artificer began the quest for the
                  | Orb.
     0 | D:1      | Reached XP level 1. HP: 13/13 MP: 3/3
   308 | D:1      | Reached skill level 1 in Unarmed Combat
   308 | D:1      | Reached XP level 2. HP: 14/18 MP: 4/4
   674 | D:1      | Killed from afar by a dart slug

Levels and vault maps discovered:
D:1:      erik_arrival_cave_to_civilisation [erik_arrival_cave_to_hall],
          layout_basic

Skill      XL: |  1  2 |
---------------+-------+-----
Unarmed Combat | 1 |  1.2
Stealth        | 2 |  2.0
Fighting       | |  1.0
Short Blades   | |  1.0
Dodging        | |  2.0
Evocations     | |  3.4

Action                   || total
-------------------------++-------
Melee: Short sword       ||    25
       Constrict         ||     8
       Tentacles         ||     5
Evoke: Wand              ||     3
 Stab: Distracted        ||     2
Armor: Skin              ||     5
Dodge: Dodged            ||    32

Table legend:
 A = Non-vault XP
 B = Vault XP
 C = Vault XP percentage of total XP
 D = Non-vault monster count
 E = Vault monster count
 F = Vault count percentage of total count
                 A         B        C        D         E       F
            +---------+---------+-------+---------+---------+-------
      Total |      18 |       0 |   0.0 |      11 |       0 |   0.0
            +---------+---------+-------+---------+---------+-------
        D:1 |      18 |       0 |   0.0 |      11 |       0 |   0.0
            +---------+---------+-------+---------+---------+-------
